 Dungeon Crawl Stone Soup version 0.31-a0-640-g39d97e502b (webtiles) character file.

Game seed: 4331260827649018931

80 greenreed the Ruffian (level 4, -2/9 HPs)
             Began as a Djinni Shapeshifter on Aug 27, 2023.
             Slain by a gnoll
             ... wielding a +0 club
              (7 damage)
             ... on level 3 of the Dungeon.
             The game lasted 00:05:52 (1243 turns).

greenreed the Ruffian (Djinni Shapeshifter)         Turns: 1243, Time: 00:05:53

Health: -2/9       AC:  0    Str: 15    XL:     4   Next: 65%
Gold:   26         EV: 12    Int: 12    God:
                   SH:  0    Dex: 12

rFire   + +          .
                       - Unarmed
rCold   x . .        (no shield)
rNeg    . . .        a - melded +0 animal skin
rPois   ∞            (no helmet)
rElec   .            (no cloak)
rCorr   .            (no gloves)
SInv    .            (boots unavailable)
Will    .....        (no amulet)
Stlth   +            (no ring)
HPRegen 0.21/turn    (no ring)
MPRegen 0.00/turn

%: infuse magic (-3 HP)
@: maw-form, flying
A: devouring maw, flying, reduced hp, sickness immunity, fire resistance 2, cold
vulnerability 1, float, innate caster, HP casting, extra vitality 1
a: Begin Untransformation


You were on level 3 of the Dungeon.
You were a creature with a mouth for a stomach.
You visited 1 branch of the dungeon, and saw 3 of its levels.

You collected 110 gold pieces.
You spent 84 gold pieces at shops.

Inventory:

Missiles
 i - 4 datura-tipped darts
Armour
 a - a +0 animal skin (melded)
 e - an orb of mayhem
Magical Staves
 g - a staff of air
 l - a staff of conjuration
Talismans
 c - a beast talisman
 d - a flux talisman
 j - a maw talisman (active)
Scrolls
 f - 3 scrolls of enchant weapon
 k - 2 scrolls of teleportation
Potions
 b - a potion of lignification
 h - a potion of haste


   Skills:
 * Level 2.2 Fighting
 + Level 2.7 Dodging
 * Level 3.7 Unarmed Combat
 + Level 0.7 Spellcasting
 + Level 0.7 Conjurations
 + Level 0.7 Hexes
   Level 0.0 Charms
 + Level 0.7 Summonings
 + Level 0.7 Necromancy
 + Level 0.7 Translocations
 + Level 0.7 Transmutations
 + Level 0.7 Fire Magic
 + Level 0.7 Ice Magic
 + Level 0.7 Air Magic
 + Level 0.7 Earth Magic
 + Level 0.7 Poison Magic
 + Level 3.0 Shapeshifting


You knew the following spells:

 Your Spells              Type           Power      Damage    Failure   Level
a - Sting                 Tmut/Pois      8%         1d3       24%         1
Your spell library was empty.

Dungeon Overview and Level Annotations

Branches:
Dungeon (3/15)

Altars:

Shops:
D:3 ?

Annotations:
D:2 Sigmund


Innate Abilities, Weirdness & Mutations

You are a creature with a mouth for a stomach.
Your midsection houses a second, enormous mouth.
You are flying.
Your maximum health is decreased, since you lack skill for your form.
You are immune to sickness and miasma.
You are immune to poison.
Your flesh is very heat resistant. (rF++)
You are vulnerable to cold. (rC-)
You float through the air rather than walking.
You learn spells naturally, not from books.
Your magical power is your life essence.
You have superior vitality. (+4 MHP)


Message History

You kill the frilled lizard!
No target in view!
HP restored.
You see here a frilled lizard corpse.
You see here a frilled lizard corpse.
Found a hand axe.
Found Jykhuomo's Magic Scroll Shoppe.
There is an entrance to Jykhuomo's Magic Scroll Shoppe here.
l - a scroll of identify;
l - 2 scrolls of identify (gained 1)
k - 2 scrolls of teleportation (gained 1) Thank you for shopping at Jykhuomo's Magic Scroll Shoppe!
As you read the scroll of identify, it crumbles to dust.
f - 3 scrolls of enchant weapon
As you read the scroll of identify, it crumbles to dust.
h - a potion of haste You see here a +0 hand axe.
You see here a staff of conjuration.
l - a staff of conjuration You now have 26 gold pieces (gained 11).
Found a stone staircase leading up.
A gnoll comes into view. It is wielding a +0 spear.
A gnoll comes into view. It is wielding a +0 club.
Found an escape hatch in the floor.
A gnoll comes into view. It is wielding a +0 spear.
You barely miss the gnoll. The gnoll completely misses you. x2
You barely miss the gnoll.
The gnoll shouts!
The gnoll closely misses you.
You hit the gnoll but do no damage. You bite the gnoll, but do no damage.
You hit the gnoll.
The gnoll is heavily wounded.
The gnoll hits you from afar with a +0 spear.
Ouch! That really hurt!
The gnoll closely misses you.
You are too injured to fight recklessly!
Found a white potion.
The gnoll attacks as it pursues you! The gnoll misses you.
The gnoll attacks as it pursues you! The gnoll hits you with a +0 club!
Ouch! That really hurt!
You die...

... ..## .!.. . #.. .
... .# ###<###.#
..#.#... #.#W#.# #.#g..#
####.#...#.# .#
#........#.##.#
#.##.##..#.#..#
#..g.##..#....#.#
.....gg######.......#.##
....... #......#......
......g ##.#.........


You could see a gnoll.

Vanquished Creatures
  Terence (D:2)
  2 adders
  A worm (D:3)
  A dart slug (D:1)
  2 ball pythons
  2 endoplasms (D:1)
  A giant cockroach (D:2)
  4 goblins
  2 hobgoblins (D:2)
  3 jackals (D:2)
  2 kobolds (D:1)
  3 quokkas
  3 bats
  3 frilled lizards (D:3)
  A rat (D:1)
31 creatures vanquished.

Notes
Turn   | Place    | Note
-------+----------+-------------------------------------------
     0 | D:1      | greenreed the Djinni Shapeshifter began the quest for the
                  | Orb.
     0 | D:1      | Reached XP level 1. HP: 17/17 MP: 0/0
    91 | D:1      | Reached XP level 2. HP: 19/22 MP: 0/0
   515 | D:2      | Noticed Terence
   583 | D:1      | Reached XP level 3. HP: 27/27 MP: 0/0
   583 | D:1      | Learned a level 1 spell: Sting
   607 | D:2      | Killed Terence
   608 | D:2      | Reached XP level 4. HP: 8/33 MP: 0/0
   806 | D:2      | Noticed Sigmund
  1204 | D:3      | Found Jykhuomo's Magic Scroll Shoppe.
  1207 | D:3      | Bought a scroll of identify for 24 gold pieces
  1207 | D:3      | Bought a scroll of identify for 24 gold pieces
  1207 | D:3      | Bought a scroll of teleportation for 36 gold pieces
  1243 | D:3      | Slain by a gnoll

Illustrated notes

Levels and vault maps discovered:
D:1:      psy_arrival_conway, layout_rooms, interstate_on_off
D:2:      layout_rooms, uniq_sigmund, uniq_terence
D:3:      layout_basic, bloody_makhleb, serial_shops, shop, hex_intersection

Skill      XL: |  1  2  3  4 |
---------------+-------------+-----
Fighting       | 2 |  2.2
Shapeshifting  | 3 |  3.0
Dodging        | |  2.7
Unarmed Combat | |  3.7
Spellcasting   | |  0.7
Conjurations   | |  0.7
Hexes          | |  0.7
Summonings     | |  0.7
Necromancy     | |  0.7
Translocations | |  0.7
Transmutations | |  0.7
Fire Magic     | |  0.7
Ice Magic      | |  0.7
Air Magic      | |  0.7
Earth Magic    | |  0.7
Poison Magic   | |  0.7

Action                     |  1- 3 |  4- 6 || total
---------------------------+-------+-------++-------
  Melee: Unarmed           |    52 |    34 ||    86
         Punch             |     1 |       ||     1
         Maw               |       |     3 ||     3
   Cast: Sting             |     4 |       ||     4
    Use: Scroll            |       |     2 ||     2
 Armour: Animal skin       |    17 |     2 ||    19
  Dodge: Dodged            |    36 |    18 ||    54
   Form: Maw               |       |     1 ||     1

Table legend: (Time is in decaauts)
 A = Elapsed time spent in this place.
 B = Non-inter-level travel time spent in this place.
 C = Inter-level travel time spent in this place.
 D = Time resting spent in this place.
 E = Time spent auto-exploring this place.
 F = Levels seen in this place.
 G = Mean time per level.
                   A        B        C        D        E       F      G
               +--------+--------+--------+--------+--------+-----+--------+
         Total |   1240 |   1182 |     58 |    125 |    762 |   3 |  413.3 |
       Dungeon |   1240 |   1182 |     58 |    125 |    762 |   3 |  413.3 |
               +--------+--------+--------+--------+--------+-----+--------+

Top non-repeatable levels by time:
     D:1: 668 daAuts
     D:2: 448 daAuts
     D:3: 123 daAuts
